 Dungeon Crawl Stone Soup version 0.30.1-11-g7821555f0a (webtiles) character file.

Game seed: 15507417243738139633

60 PaiMei the Grave Robber (level 3, -2/24 HPs)
             Began as a Demonspawn Necromancer on Jan 12, 2024.
             Slain by an ogre
             ... wielding a +0 giant club
              (26 damage)
             ... on level 4 of the Dungeon.
             The game lasted 00:03:02 (2584 turns).

PaiMei the Grave Robber (Demonspawn Necromancer)    Turns: 2584, Time: 00:03:02

Health: -2/24      AC:  2    Str:  8    XL:     3   Next: 82%
Magic:  3/6        EV: 12    Int: 18    God:
Gold:   86         SH:  0    Dex: 13    Spells: 6/7 levels left

rFire   . . .        i - +2 dagger (venom)
rCold   . . .        (no shield)
rNeg    . . .        a - +0 robe
rPois   .            (no helmet)
rElec   .            (no cloak)
rCorr   .            (no gloves)
SInv    .            (no boots)
Will    .....        (no amulet)
Stlth   ++           (no ring)
HPRegen 0.24/turn    (no ring)
MPRegen 0.10/turn

%: no passive effects
@: no status effects
A: foul stench 1
a: no special abilities


You were on level 4 of the Dungeon.
You visited 1 branch of the dungeon, and saw 4 of its levels.

You collected 151 gold pieces.
You spent 65 gold pieces at shops.

Inventory:

Hand Weapons
 e - a +0 dagger
 i - a +2 dagger of venom (weapon)
Armour
 a - a +0 robe (worn)
 m - a scarf of shadows
Jewellery
 f - an amulet of guardian spirit
Scrolls
 c - a scroll of amnesia {unknown}
 d - 6 scrolls of identify
 k - a scroll of enchant armour {unknown}
 n - 2 scrolls of teleportation
 o - a scroll of noise {unknown}
 p - a scroll of silence {unknown}
 s - a scroll of vulnerability {unknown}
 t - a scroll of fear {unknown}
Potions
 b - a potion of magic
 g - a potion of might {unknown}
 h - 2 potions of mutation {unknown}
 j - a potion of invisibility {unknown}
 l - 3 potions of haste {unknown}
 q - 2 potions of attraction {unknown}
 r - a potion of brilliance {unknown}


   Skills:
 + Level 2.3 Dodging
 + Level 2.5 Stealth
 + Level 2.5 Spellcasting
 + Level 4.8 Necromancy


You had 6 spell levels left.
You knew the following spells:

 Your Spells              Type           Power      Damage    Failure   Level
a - Necrotise             Necr           76%        1d7       2%          1

Your spell library contained the following spells:

 Spells                   Type           Power      Damage    Failure   Level
 Vampiric Draining        Necr           19%        2d7       7%          3
 Slow                     Hex            8%         N/A       17%         1
 Animate Dead             Necr           19%        N/A       22%         4
 Blink                    Tloc           4%         N/A       26%         2
 Lesser Beckoning         Tloc           4%         N/A       26%         2
 Momentum Strike          Conj/Tloc      4%         3d8       26%         2
 Confusing Touch          Hex            2%         N/A       45%         3
 Agony                    Necr           19%        N/A       54%         5
 Petrify                  Tmut/Erth      2%         N/A       86%         4
 Metabolic Englaciation   Hex/Ice        1%         N/A       99%         5
 Statue Form              Tmut/Erth      1%         N/A       100%        6


Dungeon Overview and Level Annotations

Branches:
Dungeon (4/15)
 Temple: D:4-7

Altars:
Xom

Shops:
D:3 ?

Annotations:
D:3 1 runed translucent door, Crazy Yiuf


Innate Abilities, Weirdness & Mutations

You may rarely emit foul miasma when damaged in melee.


Message History

The kobold throws a stone.
The stone barely misses you.
Casting: Necrotise (safe; 2% risk of failure)
Confirm with . or Enter, or press ? or * to list all spells.
Aiming: Necrotise (safe; 2% risk of failure)
Press: ? - help, Shift-Dir - straight line, f - kobold
Aim: a kobold, wielding a +0 dagger and quivering stones (chance to affect: 89%)
The kobold writhes in agony.
Casting: Necrotise (safe; 2% risk of failure)
Confirm with . or Enter, or press ? or * to list all spells.
Aiming: Necrotise (safe; 2% risk of failure)
Press: ? - help, Shift-Dir - straight line, f/p - kobold
Aim: a kobold, wielding a +0 dagger and quivering stones (severely wounded, chance to affect: 89%)
The kobold writhes in agony.
You kill the kobold!
The dead are walking!
Casting: Necrotise (safe; 2% risk of failure)
Confirm with . or Enter, or press ? or * to list all spells.
Aiming: Necrotise (safe; 2% risk of failure)
Press: ? - help, Shift-Dir - straight line, f - ogre
Aim: an ogre, wielding a +0 giant club (ally target, chance to affect: 78%)
The ogre writhes in agony.
Casting: Necrotise (safe; 2% risk of failure)
Confirm with . or Enter, or press ? or * to list all spells.
Aiming: Necrotise (safe; 2% risk of failure)
Press: ? - help, Shift-Dir - straight line, f/p - ogre
Aim: an ogre, wielding a +0 giant club (lightly wounded, ally target, chance to affect: 78%)
The ogre barely resists.
Your kobold skeleton barely misses the adder.
Casting: Necrotise (safe; 2% risk of failure)
Confirm with . or Enter, or press ? or * to list all spells.
You don't know that spell.
Casting: Necrotise (safe; 2% risk of failure)
Confirm with . or Enter, or press ? or * to list all spells.
Aiming: Necrotise (safe; 2% risk of failure)
Press: ? - help, Shift-Dir - straight line, f/p - ogre
Aim: an ogre, wielding a +0 giant club (lightly wounded, chance to affect: 78%)
The ogre writhes in agony.
The ogre hits you with a +0 giant club!!
Ouch! That really hurt!
You die...

#......#. ....... #.#
...... #.# ..).. ..
#.# #Z.. ... ######.#
#.. ..# #.@....# #S#
#.### #O####.#
#.##..... #J# #.#
#J.$..... #.#
##.###..$...##
#.###...##.#...##
#######...J.#..J.#...#
#........##...###.#..#
#.######.###.## ###.#
#.# #.# #.# #.


You could see an ogre and a jelly.

Vanquished Creatures
  2 adders
  A worm (D:3)
  4 ball pythons
  3 endoplasms
  2 giant cockroaches (D:1)
  A goblin (D:3)
  3 hobgoblins
  3 quokkas
  5 bats
  2 frilled lizards (D:1)
  6 kobolds
  8 rats
40 creatures vanquished.

Vanquished Creatures (collateral kills)
  A bat (D:1)
1 creature vanquished.

Grand Total: 41 creatures vanquished

Notes
Turn   | Place    | Note
-------+----------+-------------------------------------------
     0 | D:1      | PaiMei the Demonspawn Necromancer began the quest for the
                  | Orb.
     0 | D:1      | Reached XP level 1. HP: 13/13 MP: 3/3
   469 | D:1      | Gained mutation: You may rarely emit foul miasma when
                  | damaged in melee. [demonic ancestry]
   469 | D:1      | Reached XP level 2. HP: 19/19 MP: 1/5
   740 | D:1      | Found a faded altar of an unknown god.
   823 | D:1      | You fall into a shaft and drop 1 floor!
  1201 | D:2      | Reached XP level 3. HP: 21/24 MP: 0/6
  1259 | D:2      | Found a shimmering altar of Xom.
  1854 | D:3      | Found Tutucsae's Magic Scroll Shoppe.
  1859 | D:3      | Bought a scroll of teleportation for 39 gold pieces
  1859 | D:3      | Bought a scroll of identify for 26 gold pieces
  2294 | D:3      | Found a runed translucent door.
  2295 | D:3      | Noticed Crazy Yiuf
  2562 | D:4      | Noticed an ogre
  2584 | D:4      | Slain by an ogre

Illustrated notes

Levels and vault maps discovered:
D:1:      minmay_arrival_semitransparent, layout_loops_ring,
          shapermc_ecumenical_altar_notcrosses
D:2:      layout_loops_ring, basic_altar, kennysheep_generic_room_4
D:3:      layout_basic, serial_shops, shop, minmay_strange_pillars,
          uniq_crazy_yiuf_cottage
D:4:      layout_loops_ring, ebering_ghost_rock_garden, serial_shops, shop

Skill      XL: |  1 |
---------------+----+-----
Stealth        | 2 |  2.5
Dodging        | 2 |  2.3
Spellcasting   | |  2.5
Necromancy     | |  4.8

Action                     || total
---------------------------++-------
  Melee: Dagger            ||     2
   Cast: Necrotise         ||    73
 Armour: Robe              ||     3
  Dodge: Dodged            ||    11
